 Dungeon Crawl Stone Soup version 0.29.1-1-gd02db6906a (webtiles) character file.

Game seed: 17614605944823427240

56740 funnyparkerb the Warrior (level 15, -5/122 HPs)
             Began as a Djinni Fire Elementalist on Sept 17, 2022.
             Was the Champion of Makhleb.
             Killed from afar by Lodul (13 damage)
             ... with a bolt of lightning
             ... on level 12 of the Dungeon.
             The game lasted 00:53:04 (17880 turns).

funnyparkerb the Warrior (DjFE)                    Turns: 17880, Time: 00:53:05

Health: -5/122     AC: 10    Str:  7    XL:     15   Next: 23%
Gold:   1185       EV: 21    Int: 23    God:    Makhleb [******] SH:  3 Dex: 15

rFire   + + .      SeeInvis .   (no weapon)
rCold   x . .      Faith    .   S - +0 buckler
rNeg    . . .      Spirit   .   G - +0 acid dragon scales
rPois   ∞          Reflect  .   k - +1 hat
rElec   .          Harm     .   (no cloak)
rCorr   +          Rampage  .   R - +0 pair of gloves
Will    ++...                   (boots unavailable)
Stlth   ++........              q - amulet of regeneration
HPRegen 1.10/turn               p - +4 ring of evasion
MPRegen 0.00/turn               x - +4 ring of evasion

@: flying
A: sickness immunity, fire resistance 2, cold vulnerability 1, float, innate
caster, HP casting, extra vitality 1, iridescent scales 1, strong-willed 1
a: Renounce Religion, Minor Destruction, Lesser Servant of Makhleb, Major
Destruction, Greater Servant of Makhleb


You were on level 12 of the Dungeon.
You worshipped Makhleb.
Makhleb was exalted by your worship.
You visited 3 branches of the dungeon, and saw 18 of its levels.
You also visited: Gauntlet.

You collected 1290 gold pieces.
You spent 105 gold pieces at shops.

Inventory:

Missiles
 y - 4 curare-tipped darts (quivered)
 z - a throwing net
Armour
 a - a +0 robe
 k - a +1 hat (worn)
 B - +0 steam dragon scales
 F - the +3 hat of Pondering {ponderous, Will+ MP+10 Int+5}
   (You took it off Gastronok on level 8 of the Dungeon)

   Int:       It affects your intelligence (+5).
   MP:        It affects your magic capacity (+10).
   Will:      It increases your willpower.
 G - +0 acid dragon scales (worn)
 R - a +0 pair of gloves (worn)
 S - a +0 buckler (worn)
Jewellery
 p - a +4 ring of evasion (left hand)
 q - an amulet of regeneration (around neck)
 w - a ring of wizardry
 x - a +4 ring of evasion (right hand)
 D - a ring of ice
 H - a +4 ring of protection
 K - a +6 ring of strength
 M - an amulet of faith
Wands
 s - a wand of roots (14)
 A - a wand of mindburst (30)
 E - a wand of charming (13)
Scrolls
 c - 4 scrolls of teleportation
 g - 3 scrolls of blinking
 h - 2 scrolls of vulnerability
 i - 2 scrolls of enchant weapon
 m - 7 scrolls of amnesia {unknown}
 n - 6 scrolls of fog {unknown}
 o - 3 scrolls of poison {unknown}
 I - 4 scrolls of noise {unknown}
 L - a scroll of magic mapping
 P - a scroll of summoning
 Q - a scroll of brand weapon
 T - a scroll of silence
Potions
 b - 4 potions of resistance
 e - 8 potions of curing
 f - 2 potions of cancellation
 j - 6 potions of attraction
 l - a potion of invisibility
 r - 4 potions of haste
 t - 4 potions of might
 u - 6 potions of mutation
 v - 6 potions of heal wounds
 C - 3 potions of flight
 J - 2 potions of brilliance
 N - 2 potions of lignification
 O - a potion of ambrosia


   Skills:
 + Level 16.6 Fighting
 - Level 7.0 Dodging
 - Level 1.5 Stealth
 + Level 13.3 Spellcasting
 * Level 8.2 Invocations


You had one spell level left.
You knew the following spells:

 Your Spells              Type           Power      Damage    Failure   Level
a - Foxfire               Conj/Fire      100%       2x1d9     1%          1
b - Scorch                Fire           100%       2d10      1%          2
c - Conjure Flame         Conj/Fire      66%        6-21      1%          3
d - Inner Flame           Hex/Fire       66%        N/A       1%          3
e - Flame Wave            Conj/Fire      66%        2d15      1%          4
f - Sandblast             Erth           100%       2d20      1%          1
g - Static Discharge      Conj/Air       66%        3-12/arc  1%          2
h - Stone Arrow           Conj/Erth      100%       3d13      1%          3
i - Sticky Flame          Conj/Fire      66%        2d8       1%          4
j - Yara's Violent Unrav  Hex/Tmut       33%        3d14      1%          5
k - Summon Mana Viper     Hex/Summ       66%        N/A       1%          5
l - Statue Form           Tmut/Erth      44%        N/A       7%          6
Your spell library was empty.

Dungeon Overview and Level Annotations

Branches:
Dungeon (12/15)            Temple (1/1) D:4            Lair (5/5) D:10
 Shoals (0/4) Lair:3       Spider (0/4) Lair:2        Slime (0/5) Lair:5
Gauntlet (visited)
    Orc: D:9-12

Altars:
Ashenzari
Cheibriados
Elyvilon
Fedhas
Gozag
Makhleb
Nemelex Xobeh
Okawaru
Ru
Trog
Uskayaw
Xom
Yredelemnul
Zin
The Shining One

Shops:
D:6 *

Annotations:
D:9 exclusion: ice statue
D:12 Lodul
Lair:3 exclusion: oklob plant


Innate Abilities, Weirdness & Mutations

You are immune to sickness and miasma.
You are immune to poison.
Your flesh is very heat resistant. (rF++)
You are vulnerable to cold. (rC-)
You float through the air rather than walking.
You learn spells naturally, not from books.
Your magical power is your life essence.
You have superior vitality. (+4 MHP)
You are partially covered in iridescent scales. (AC +2)
You are strong-willed. (Will+)


Message History

Your mana viper disappears in a puff of smoke!
Casting: Scorch (safe; 1% risk of failure)
Confirm with . or Enter, or press ? or * to list all spells.
Flames lash the gargoyle.
The gargoyle is severely damaged.
The gargoyle's fire resistance burns away.
Casting: Scorch (safe; 1% risk of failure)
Confirm with . or Enter, or press ? or * to list all spells.
Flames lash the gargoyle.
The gargoyle is burned terribly!
You destroy the gargoyle!
Makhleb accepts your kill.
Casting: Scorch (safe; 1% risk of failure)
Confirm with . or Enter, or press ? or * to list all spells.
Flames lash the ogre.
The ogre is severely wounded.
The ogre's fire resistance burns away.
The boulder beetle leaps!
Casting: Scorch (safe; 1% risk of failure)
Confirm with . or Enter, or press ? or * to list all spells.
Flames lash the boulder beetle but do no damage.
The boulder beetle is no longer more vulnerable to fire.
The boulder beetle curls into a ball and begins rolling!
Casting: Scorch (safe; 1% risk of failure)
Confirm with . or Enter, or press ? or * to list all spells.
Flames lash the boulder beetle.
The boulder beetle is moderately wounded.
The boulder beetle's fire resistance burns away.
Casting: Scorch (safe; 1% risk of failure)
Confirm with . or Enter, or press ? or * to list all spells.
Flames lash the ogre.
The ogre is almost dead.
The ogre's fire resistance burns away.
The boulder beetle misses you.
The boulder beetle stops rolling and uncurls.
Electricity crackles from Lodul's apparatus.
The bolt of lightning hits you!!
* * * LOW HITPOINT WARNING * * *
The boulder beetle bites you.
* * * LOW HITPOINT WARNING * * *
Electricity crackles from Lodul's apparatus.
The bolt of lightning hits you!
You die...

.. #............. #..
. #.~~~~~~.~~... #..
#..#.#.......... #..
~..#.#.....>.#. #..
#..#(#.......# #..
......#..+.#.......#
#..
~~~...#..#.##~.~~~##.
#..
≈~...#..#...........
#..
#...#..####@#~#####
#..
#...#..OOO§.B......
#.
#...###O########### #
#......○.......
#..............
~#.#.##..§~~.#..
........°......
~≈##§##§°..C..9. .~~
#..)).§##....


You could see a boulder beetle (combustible), Lodul and 3 ogres.

Vanquished Creatures
  Gastronok (D:8)
  Nessos (Lair:3)
  2 boulder beetles
  6 hydras
  Erica (D:8)
  3 two-headed ogres (D:9)
  A death yak (Lair:5)
  A soul eater (D:11)
  An orb spider (Lair:2)
  Pikel (D:7)
  A cyclops (D:12)
  2 rust devils (D:11)
  4 elephants (Lair:3)
  An orange demon (D:11)
  7 black mambas
  14 cane toads
  A gargoyle (D:12)
  A torpor snail (Lair:4)
  A kobold demonologist (D:10)
  3 rime drakes
  5 komodo dragons
  3 ice devils (D:11)
  2 polar bears
  2 hellwings (D:11)
  2 red devils (D:11)
  4 hornets
  A troll (D:11)
  Prince Ribbit (D:8)
  A slime creature (D:12)
  2 dream sheep (Lair:5)
  8 blink frogs
  A shadow (D:9)
  2 ynoxinuls (D:11)
  14 spriggans (Lair:5)
  2 wyverns
  A wraith (D:11)
  41 yaks
  3 vampires
  7 basilisks
  2 steam dragons
  3 vampire mosquitoes (D:10)
  An acid dragon (D:9)
  2 swamp worms (D:8)
  10 water moccasins
  7 black bears
  3 orc warriors
  An ice beast (D:8)
  9 centaurs
  4 ogres
  4 boggarts (Lair:5)
  36 wolves
  2 phantoms
  A lemure (D:7)
  13 bullfrogs
  2 kobold brigands
  6 scorpions
  2 necrophages (D:7)
  7 wights
  14 killer bees
  A howler monkey (D:7)
  2 electric eels (D:10)
  7 jellies
  4 hounds
  3 quasits (D:11)
  2 gnoll boudas
  5 orc priests
  5 hell rats
  9 iguanas
  5 orc wizards
  7 gnolls
  11 adders
  2 shadow imps
  4 white imps
  An ufetubus (D:6)
  3 worms
  A dart slug (D:2)
  31 orcs
  6 bats
  13 endoplasms
  4 giant cockroaches
  3 goblins
  3 hobgoblins (D:2)
  13 kobolds
  2 quokkas
  5 ball pythons (D:1)
  5 frilled lizards
  4 rats
445 creatures vanquished.

Vanquished Creatures (collateral kills)
  2 elephants (Lair:3)
  2 cane toads
  2 komodo dragons
  2 polar bears (Lair:5)
  2 slime creatures (D:12)
  7 blink frogs (Lair:5)
  A spriggan (Lair:5)
  7 yaks
  4 vampire mosquitoes (Lair:5)
  A water moccasin (Lair:5)
  A black bear (Lair:5)
  9 wolves
  2 hell rats
  33 foxfires
75 creatures vanquished.

Vanquished Creatures (others)
  3 bushes (Lair:5)
  7 demonic plants (D:11)
  1472 foxfires
  38 fungi
  59 plants
  4 toadstools (D:1)
1583 creatures vanquished.

Grand Total: 2103 creatures vanquished

Notes
Turn   | Place    | Note
-------+----------+-------------------------------------------
     0 | D:1      | funnyparkerb the Djinni Fire Elementalist began the quest
                  | for the Orb.
     0 | D:1      | funnyparkerb set off with the following spells memorised:
                  | Foxfire, Scorch, Conjure Flame, Inner Flame, Flame Wave.
     0 | D:1      | Reached XP level 1. HP: 15/15 MP: 0/0
   294 | D:1      | Found a faded altar of an unknown god.
   519 | D:1      | Reached XP level 2. HP: 17/22 MP: 0/0
   615 | D:1      | Reached skill level 1 in Fighting
  1432 | D:1      | Reached XP level 3. HP: 25/27 MP: 0/0
  1432 | D:1      | Learned a level 1 spell: Sandblast
  1957 | D:2      | Reached skill level 2 in Fighting
  2236 | D:2      | Reached XP level 4. HP: 30/33 MP: 0/0
  3254 | D:3      | You are sucked into a shaft and drop 2 floors!
  3254 | D:5      | Entered Level 5 of the Dungeon
  3384 | D:4      | Reached XP level 5. HP: 37/40 MP: 0/0
  3384 | D:4      | Learned a level 2 spell: Static Discharge
  3417 | D:4      | Reached skill level 3 in Fighting
  3564 | D:4      | Reached XP level 6. HP: 40/46 MP: 0/0
  3614 | D:4      | Found a staircase to the Ecumenical Temple.
  3633 | Temple   | Entered the Ecumenical Temple
  3694 | Temple   | Became a worshipper of Makhleb the Destroyer
  3886 | D:3      | Noticed a water moccasin
  3894 | D:3      | Killed a water moccasin
  3895 | D:3      | Reached skill level 4 in Fighting
  4426 | D:3      | Reached XP level 7. HP: 7/53 MP: 0/0
  4426 | D:3      | Learned a level 3 spell: Stone Arrow
  4906 | D:4      | Identified the +0 leather armour of Lacistro {rC+}
  5009 | D:4      | Reached skill level 5 in Fighting
  5284 | D:5      | Reached skill level 5 in Spellcasting
  5284 | D:5      | Reached XP level 8. HP: 52/61 MP: 0/0
  5366 | D:5      | Reached skill level 6 in Fighting
  5386 | D:5      | Reached * piety under Makhleb
  5838 | D:6      | Found a broken altar of Ashenzari.
  5854 | D:6      | Found a sacrificial altar of Ru.
  5865 | D:6      | Found Xounun's General Store.
  5876 | D:6      | Bought a scroll of teleportation for 45 gold pieces
  5876 | D:6      | Bought a scroll of fear for 60 gold pieces
  5923 | D:6      | Reached skill level 7 in Fighting
  6156 | D:6      | Reached XP level 9. HP: 45/68 MP: 0/0
  6156 | D:6      | Learned a level 4 spell: Sticky Flame
  6674 | D:7      | Reached skill level 8 in Fighting
  6758 | D:7      | Reached ** piety under Makhleb
  6981 | D:7      | Noticed Pikel
  6990 | D:7      | Killed Pikel
  7005 | D:7      | Reached skill level 9 in Fighting
  7202 | D:7      | Reached XP level 10. HP: 36/78 MP: 0/0
  7349 | D:7      | Identified the +0 great sword "Killer Klown's Regret"
                  | {flame, Drain rPois Str+4 Dex+4}
  7461 | D:8      | Reached skill level 10 in Fighting
  8135 | D:8      | Reached *** piety under Makhleb
  8149 | D:8      | Noticed Prince Ribbit
  8154 | D:8      | Killed Prince Ribbit
  8155 | D:8      | Reached skill level 11 in Fighting
  8252 | D:8      | Noticed Gastronok
  8265 | D:8      | Noticed Erica
  8269 | D:8      | Killed Gastronok
  8270 | D:8      | Reached XP level 11. HP: 87/87 MP: 0/0
  8270 | D:8      | Learned a level 5 spell: Yara's Violent Unravelling
  8273 | D:8      | Killed Erica
  8769 | D:9      | Noticed a two-headed ogre
  8777 | D:9      | Noticed a two-headed ogre
  8782 | D:9      | Killed a two-headed ogre
  8783 | D:9      | Reached skill level 12 in Fighting
  8803 | D:9      | Killed a two-headed ogre
  9200 | D:9      | Noticed a two-headed ogre
  9227 | D:9      | Killed a two-headed ogre
  9228 | D:9      | Reached skill level 10 in Spellcasting
  9579 | D:10     | Entered Level 10 of the Dungeon
  9669 | D:10     | Gained mutation: You have sharp fingernails. [you]
  9826 | D:10     | Noticed a sixfirhy
  9996 | D:10     | Reached XP level 12. HP: 88/96 MP: 0/0
 10055 | D:10     | Found a staircase to the Lair.
 10362 | D:11     | Noticed a soul eater
 10388 | D:11     | Reached skill level 13 in Fighting
 10389 | D:11     | Reached **** piety under Makhleb
 11080 | D:11     | Killed a soul eater
 11836 | Lair:1   | Entered Level 1 of the Lair of Beasts
 11853 | Lair:1   | Noticed a five-headed hydra
 11862 | Lair:1   | Killed a five-headed hydra
 11863 | Lair:1   | Reached skill level 14 in Fighting
 11963 | Lair:1   | Identified the +0 robe "Font" {+Inv rPois rF- Regen+}
 12022 | Lair:1   | Reached ***** piety under Makhleb
 12253 | Lair:1   | Reached XP level 13. HP: 99/105 MP: 0/0
 12253 | Lair:1   | Learned a level 5 spell: Summon Mana Viper
 12730 | Lair:2   | Noticed a five-headed hydra
 12746 | Lair:2   | Reached skill level 5 in Dodging
 13010 | Lair:2   | Killed a five-headed hydra
 13106 | Lair:2   | Found a hole to the Spider Nest.
 13693 | Lair:3   | Found a staircase to the Shoals.
 13773 | Lair:3   | Noticed Nessos
 13786 | Lair:3   | Reached skill level 15 in Fighting
 13804 | Lair:3   | Killed Nessos
 14082 | Lair:3   | Noticed a five-headed hydra
 14087 | Lair:3   | Killed a five-headed hydra
 14786 | Lair:4   | Reached XP level 14. HP: 106/114 MP: 0/0
 15059 | Lair:4   | Found a gate leading to a gauntlet.
 15081 | Gauntlet | Entered a Gauntlet
 15081 | Gauntlet | Found a transporter.
 15118 | Gauntlet | Found a transporter.
 15129 | Gauntlet | Found a transporter.
 15130 | Gauntlet | Found a transporter.
 15138 | Gauntlet | Found a transporter.
 15141 | Gauntlet | Found a transporter.
 15142 | Gauntlet | Found a transporter.
 15145 | Gauntlet | Noticed a quicksilver ooze
 15154 | Gauntlet | Found a transporter.
 15155 | Gauntlet | Found a transporter.
 15155 | Gauntlet | Found a transporter.
 15163 | Gauntlet | Found a transporter.
 15166 | Gauntlet | Found a transporter.
 15167 | Gauntlet | Found a transporter.
 15175 | Gauntlet | Found a transporter.
 15502 | Lair:4   | Reached skill level 1 in Invocations
 15761 | Lair:5   | Entered Level 5 of the Lair of Beasts
 15890 | Lair:5   | Identified the +2 plate armour "Wenyen" {Rampage rC- Regen+
                  | Int+3}
 15893 | Lair:5   | Lost mutation: You have sharp fingernails. [potion of
                  | mutation]
 15893 | Lair:5   | Gained mutation: You are partially covered in iridescent
                  | scales. (AC +2) [potion of mutation]
 15893 | Lair:5   | Gained mutation: You are strong-willed. (Will+) [potion of
                  | mutation]
 16136 | Lair:5   | Reached skill level 16 in Fighting
 16202 | Lair:5   | Reached ****** piety under Makhleb
 16266 | Lair:5   | Reached skill level 5 in Invocations
 16327 | Lair:5   | Found a runed translucent door.
 16328 | Lair:5   | Found a staircase to the Slime Pits.
 16518 | Lair:5   | Identified the +1 steam dragon scales of Sloth {Int+7}
 17045 | Lair:5   | Reached XP level 15. HP: 111/122 MP: 0/0
 17045 | Lair:5   | Learned a level 6 spell: Statue Form
 17844 | D:12     | Noticed Lodul
 17880 | D:12     | Killed from afar by Lodul

Illustrated notes

Levels and vault maps discovered:
D:1:      dpeg_arrival_fog, layout_basic, hellmonk_ecumenical_altar_blasted,
          chequers_serial_rivers_room_a, minmay_gold_behind_fungi
D:2:      layout_loops_cross
D:3:      layout_loops_ring
D:4:      layout_loops_ring, minmay_temple_entry_statues_pillars,
          glass_columns_a, kennysheep_generic_room_13
D:5:      layout_rooms
D:6:      layout_cave_pods, mainiacjoe_overflow_catwalk_spiral, serial_shops,
          nicolae_shop_hallway_stairs, nicolae_figureground_sparkle
D:7:      minmay_octagon_keep, layout_basic, uniq_pikel
D:8:      layout_cave_pods, worms_lemuel, uniq_gastronok, uniq_erica,
          uniq_prince_ribbit1
D:9:      layout_cave_pods, led_sif_pool, minivault_15, minmay_crystal_water,
          kennysheep_generic_room_11
D:10:     layout_rooms, lair_entry_dummy, minivault_14, nicolae_hexahallways,
          st_stairs_14
D:11:     layout_layer_cave, serial_demonic, serial_demonic_a, serial_demonic_e,
          serial_demonic_e, serial_demonic_d, serial_demonic_c,
          serial_demonic_c, serial_demonic_c, serial_demonic_e
D:12:     layout_basic, uniq_fannar, uniq_lodul
Temple:   compressed_dpeg_triangle_lava_temple
Lair:1:   layout_loops_ring, serial_bayou_shore_b
Lair:2:   layout_gridlike, nicolae_spider_entry_orb_guardian
Lair:3:   layout_cave_shapes, shoals_dummy_entry, minmay_lair_oklob_items,
          chequers_serial_rivers_micro_d, st_stairs_7,
          kennysheep_basilisk_garden, serial_bayou_shore_a, lemuel_fruit_tree,
          uniq_nessos
Lair:4:   layout_cellular_growth, gauntlet_entry_generic, grunt_megastairs_5
Lair:5:   minmay_lair_end_enchanted_forest, layout_regular_city, slime_entry_2,
          pond

Skill      XL: |  1  2  3  4  5  6  7  8  9 10 11 12 13 14 15 |
---------------+----------------------------------------------+-----
Fighting       | 1 2 3 4 5 7 9 11 12 14 15 16 | 16.6
Spellcasting   | 3 4 5 6 7 9 10 11 12 13 | 13.3
Dodging        | 3 7 |  7.0
Invocations    | 7 8 |  8.2
Stealth        | |  1.5

Action                   |  1- 3 |  4- 6 |  7- 9 | 10-12 | 13-15 || total
-------------------------+-------+-------+-------+-------+-------++-------
Melee: Unarmed           |       |       |       |       |     1 ||     1
 Cast: Foxfire           |   114 |    82 |   148 |   270 |   330 ||   944
       Scorch            |     3 |    33 |    75 |   267 |   316 ||   694
       Conjure Flame     |       |       |     9 |    11 |     5 ||    25
       Inner Flame       |       |       |     1 |     6 |     1 ||     8
       Flame Wave        |       |       |     1 |     5 |    20 ||    26
       Yara's Violent Un |       |       |       |     1 |       ||     1
       Stone Arrow       |       |       |       |    27 |    95 ||   122
       Summon Mana Viper |       |       |       |       |    41 ||    41
       Statue Form       |       |       |       |       |     1 ||     1
Evoke: Wand              |       |       |       |     3 |       ||     3
  Use: Scroll            |       |       |       |     2 |    26 ||    28
       Potion            |       |       |       |       |     3 ||     3
Armor: Robe              |     1 |     3 |     1 |     5 |       ||    10
       Acid dragon scale |       |       |       |    26 |    52 ||    78
       Skin              |       |       |       |       |    10 ||    10
Dodge: Dodged            |    11 |    20 |    25 |   236 |   396 ||   688
Block: Buckler           |       |       |       |       |    22 ||    22
